 Dungeon Crawl Stone Soup version 0.17-a0-1719-g1afd5a1 (webtiles) character file.

104 Leibowitz the Skirmisher (level 4, -2/63 HPs)
             Began as a Minotaur Berserker on Aug 26, 2015.
             Was a Believer of Trog.
             Killed from afar by Natasha (5 damage)
             ... with a wand of flame
             ... on level 2 of the Dungeon on Aug 27, 2015.
             The game lasted 00:06:40 (1445 turns).

Leibowitz the Skirmisher (Minotaur Berserker)       Turns: 1445, Time: 00:06:40

Health: -2/63      AC:  5    Str: 28    XL:     4   Next: 52%
Magic:  3/3        EV:  9    Int:  4    God:    Trog [**....]
Gold:   29         SH:  8    Dex: 12    Spells: 0 memorised, 3 levels left

rFire  . . .     SeeInvis .     a - +0 hand axe
rCold  . . .     Clarity  .     m - +0 ring mail
rNeg   . . .     SustAt   .     k - +0 shield
rPois  .         Gourm    .     (helmet restricted)
rElec  .         Spirit   .     (no cloak)
rCorr  .         Warding  .     (no gloves)
rMut   .         Stasis   .     (no boots)
MR     .....                    e - amulet of rage
Stlth  ..........               (no ring)
                                l - +3 ring of dexterity

@: berserking, slowed, not resistant to hostile enchantments, extremely
unstealthy
A: retaliatory headbutt, horns 2
a: Burn Spellbooks, Berserk, Trog's Hand, Renounce Religion, Evoke Berserk Rage


You were on level 2 of the Dungeon.
You worshipped Trog.
Trog was pleased with you.
You were not hungry.

You visited 1 branch of the dungeon, and saw 2 of its levels.

You collected 29 gold pieces.

Inventory:

Hand weapons
 a - a +0 hand axe (weapon)
Missiles
 n - 8 poisoned needles
Armour
 k - a +0 shield (worn)
 m - a +0 ring mail (worn)
Jewellery
 e - an amulet of rage (around neck)
 l - a +3 ring of dexterity (left hand)
Scrolls
 d - 2 scrolls of noise {unknown}
 h - a scroll of blinking {unknown}
 i - a scroll of teleportation {unknown}
 j - a scroll of identify {unknown}
Potions
 f - a potion of ambrosia {unknown}
 o - a potion of invisibility {unknown}
Comestibles
 c - 3 bread rations
 g - 2 fruits


   Skills:
 + Level 5.0 Fighting
 + Level 5.0 Axes
 + Level 2.7 Armour
 + Level 2.5 Dodging
 + Level 0.2 Shields


You had 3 spell levels left.
You didn't know any spells.

Dungeon Overview and Level Annotations

Branches:
Dungeon (2/15)

Altars:

Annotations:
D:2 Natasha


Innate Abilities, Weirdness & Mutations

You reflexively headbutt those who attack you in melee.
You have a pair of horns on your head.


Message History

Natasha casts a spell at you. You resist with some effort.
You block the iron imp's attack.
You closely miss Natasha.
Natasha is severely wounded.
Your shield and ring mail prevent you from hitting the iron imp.
The iron imp is lightly wounded.
Natasha zaps a wand.
The puff of flame hits you!
* * * LOW HITPOINT WARNING * * *
You block the iron imp's attack.
Use which ability? (? or * to list)
A red film seems to cover your vision as you go berserk!
You feel yourself moving faster!
You feel mighty!
You feel quite a bit more hungry. Natasha casts a spell at you.
The magic dart hits you!
* * * LOW HITPOINT WARNING * * *
The iron imp hits you!
* * * LOW HITPOINT WARNING * * *
Natasha zaps a wand.
The puff of flame hits you!
You die...

#.#.#.#.# #.#>###
#.#.#...# #.....#
..#.....# #.#
######..# #(# #
#.# #†##### .#
#.. #.##§. ..
#..####.##.# .#
#....##.##.#<.#
#.........@h..#
#.......#..5#.#
###......(#...#
#.........#.....
#.........#.#####
## #.###.....#.#
.# #.............
.# #####..#..#.##
.# #####..#......


You could see an iron imp and Natasha.

Vanquished Creatures
  Natasha (D:2)
  A gnoll (D:1)
  An adder (D:2)
  A worm (D:2)
  A giant gecko (D:2)
  6 bats
  2 giant cockroaches (D:1)
  4 hobgoblins
  10 jackals
  A ball python (D:2)
  3 giant newts (D:1)
  10 goblins
  7 kobolds
  4 rats
52 creatures vanquished.

Vanquished Creatures (others)
  4 toadstools (D:1)
4 creatures vanquished.

Grand Total: 56 creatures vanquished

Notes
Turn   | Place    | Note
--------------------------------------------------------------
     0 | D:1      | Leibowitz the Minotaur Berserker began the quest for the Orb.
     0 | D:1      | Reached XP level 1. HP: 19/19 MP: 0/0
    22 | D:1      | Upgraded the game from 0.17-a0-1718-g72dbe4d to 0.17-a0-1719-g1afd5a1
    41 | D:1      | Reached skill level 4 in Axes
    44 | D:1      | Reached XP level 2. HP: 13/27 MP: 1/1
   554 | D:1      | Reached XP level 3. HP: 34/34 MP: 2/2
  1079 | D:2      | Acquired Trog's second power
  1132 | D:2      | Noticed Natasha
  1140 | D:2      | Killed Natasha
  1140 | D:2      | Reached XP level 4. HP: 32/41 MP: 3/3
  1237 | D:2      | Reached skill level 5 in Fighting
  1407 | D:2      | Reached skill level 5 in Axes
  1435 | D:2      | Noticed Natasha
  1445 | D:2      | HP: 3/63 [iron imp[Natasha] (10)]
  1445 | D:2      | Killed from afar by Natasha

Vault maps used:
D:1:      ldierk_walled_garden_2, kennysheep_boxes
D:2:      uniq_natasha, uniq_robin

Action                   |  1- 3 |  4- 6 || total
-------------------------+-------+-------++-------
Melee: Hand axe          |    82 |    44 ||   126
Invok: Berserk           |       |     1 ||     1
  Eat: Chunk             |     1 |     1 ||     2
